 Dungeon Sprint DCSS version 0.17-a0-1479-g4041c36 (webtiles) character file.

42056 Kidiri the Imperceptible (level 13, 0/55 HPs)
             Began as a Spriggan Enchanter on July 3, 2015.
             Was the Champion of Dithmenos.
             Slain by a cyan ugly thing (3 damage)
             ... in the Dungeon (Sprint III: "The Ten Rune Challenge") on July 4, 2015.
             The game lasted 00:56:54 (6463 turns).

Kidiri the Imperceptible (Spriggan Enchanter)       Turns: 6463, Time: 00:56:54

Health: 0/55       AC:  5    Str:  2    XL:     13   Next: 83%
Magic:  9/35       EV: 33    Int: 24    God:    Dithmenos [******]
Gold:   2715       SH:  2    Dex: 20    Spells: 15 memorised, 1 level left

rFire  . . .     SeeInvis +     y - +4 quick blade
rCold  . . .     Clarity  .     C - +0 robe {rPois}
rNeg   . . .     SustAt   .     (shield restricted)
rPois  +         Gourm    .     n - +1 hat {MR+}
rElec  +         Spirit   .     m - +0 cloak
rCorr  .         Warding  .     (gloves unavailable)
rMut   +         NoTele   +     (boots unavailable)
MR     +++..                    A - amulet "Ibbetzy" {rMut +Inv rElec Str-2 Int+4}
Stlth  ++++++++++               x - ring of stealth
                                l - ring of wizardry

@: very slightly contaminated, wreathed by umbra, repel missiles, very quick,
extremely resistant to hostile enchantments, uncannily stealthy
A: unfitting armour, claws 1, talons 1, large bone plates 1, see invisible,
agile 1, deformed body, herbivore 3, speed 3, screaming 1, slow metabolism 2
a: Shadow Step, Shadow Form, Renounce Religion, Evoke Invisibility


You were in the Dungeon.
You worshipped Dithmenos.
Dithmenos was exalted by your worship.
You were not hungry.

You visited 1 branch You collected 2715 gold pieces.

Inventory:

Hand weapons
 a - a +4 short sword of venom
 y - a +4 quick blade (weapon)
Missiles
 c - 9 throwing nets (quivered)
Armour
 m - a +0 cloak (worn)
 n - a +1 hat of magic resistance (worn)
 C - a +0 robe of poison resistance (worn)
Jewellery
 e - the amulet "Qihy" {rCorr -Tele rN++ Int+3}
   (You found it in the Dungeon)

   [amulet of resist corrosion]

   It protects you from acid and corrosion.
   It affects your intelligence (+3).
   It greatly protects you from negative energy.
   It prevents most forms of teleportation.
 l - a ring of wizardry (left claw)
 x - a ring of stealth (right claw)
 A - the amulet "Ibbetzy" (around neck) {rMut +Inv rElec Str-2 Int+4}
   (You took it off a deep elf demonologist in the Dungeon)

   [amulet of resist mutation]

   It protects you from mutation.
   It affects your strength (-2).
   It affects your intelligence (+4).
   It insulates you from electricity.
   It lets you turn invisible.
Magical devices
 k - a wand of polymorph (11)
 v - a wand of magic darts (30)
 w - a wand of heal wounds (3)
Scrolls
 j - a scroll of blinking
 q - a scroll of random uselessness {unknown}
 s - 2 scrolls of remove curse
Potions
 b - 2 potions of agility
 g - 3 potions of haste
 h - 2 potions of magic
 i - 2 potions of curing
 p - a potion of berserk rage
 t - 2 potions of cure mutation
 u - 3 potions of might
Books
 f - a book of Dreams

   Spells                             Type                      Level
   a - Ensorcelled Hibernation        Hexes/Ice                    2
   b - Phase Shift                    Translocation                5
   c - Shadow Creatures               Summoning                    5
   d - Silence                        Hexes/Air                    5
   e - Mass Confusion                 Hexes                        6
   f - Darkness                       Hexes                        7
Comestibles
 d - a bread ration
 o - a fruit
 r - 23 royal jellies


   Skills:
 + Level 11.7 Short Blades
 + Level 15.0 Dodging
 * Level 21.8 Stealth
 * Level 17.4 Spellcasting
 + Level 8.1 Conjurations
 + Level 13.2 Hexes
 + Level 13.4 Charms
 + Level 8.1 Summonings
 + Level 11.8 Translocations
 + Level 9.2 Ice Magic
 + Level 9.1 Air Magic
 + Level 9.8 Poison Magic
 - Level 4.8 Invocations
 + Level 7.7 Evocations


You had one spell level left.
You knew the following spells:

 Your Spells              Type           Power        Failure   Level  Hunger
a - Corona                Hex            ######.      0%          1    None
b - Ensorcelled Hibernat  Hex/Ice        ######       1%          2    None
c - Confuse               Hex            ######..     1%          3    None
d - Tukima's Dance        Hex            ######..     1%          3    None
e - Dazzling Spray        Conj/Hex       ######..     1%          3    None
f - Slow                  Hex            ######..     0%          2    None
g - Mephitic Cloud        Conj/Pois/Air  ######..     1%          3    None
h - Repel Missiles        Chrm/Air       ######       1%          2    None
i - Call Imp              Summ           ######..     1%          2    None
j - Magic Dart            Conj           ####         1%          1    None
k - Blink                 Tloc           N/A          1%          2    None
l - Silence               Hex/Air        ######....   1%          5    None
m - Phase Shift           Tloc           ######....   1%          5    None
n - Mass Confusion        Hex            ######....   1%          6    ####...
o - Shadow Creatures      Summ           N/A          1%          5    None


Dungeon Overview and Level Annotations

Branches:
Dungeon (1/1)

Altars:
Cheibriados
Dithmenos
Elyvilon
Fedhas
Gozag
Kikubaaqudgha
Makhleb
Nemelex Xobeh
Okawaru
Qazlal
Ru
Sif Muna
Trog
Vehumet
Xom
Yredelemnul
Zin
The Shining One
Jiyva
Lugonu

Shops:
D :[%(

Annotations:
D Norris


Innate Abilities, Weirdness & Mutations

You are tiny and cannot use many weapons and most armour.
You have supernaturally acute eyesight.
You are a herbivore.
You cover ground extremely quickly.
You need consume almost no food.
You have sharp fingernails.
You have sharp toenails.
You are partially covered in large bone plates (AC +2, SH +2).
You are agile. (Dex +2)
Armour fits poorly on your strangely shaped body.
You occasionally shout uncontrollably at your foes.


Message History

The shadow shard hits the cyan ugly thing.
Casting: Dazzling Spray
Confirm with . or Enter, or press ? or * to list all spells.
Aiming: Dazzling Spray
Press: ? - help, Shift-Dir - straight line, f/p - cyan ugly thing
Aim: a cyan ugly thing (heavily wounded, umbra)
The spray of energy hits the cyan ugly thing.
The cyan ugly thing is severely wounded.
The cyan ugly thing closely misses you.
Casting: Dazzling Spray
Confirm with . or Enter, or press ? or * to list all spells.
Aiming: Dazzling Spray
Press: ? - help, Shift-Dir - straight line, f/p - cyan ugly thing
Aim: a cyan ugly thing (grey smoke, severely wounded, umbra)
The spray of energy hits the cyan ugly thing.
The cyan ugly thing is severely wounded.
The cyan ugly thing engulfs you.
* * * LOW HITPOINT WARNING * * *
You emit a cloud of dark smoke.
The cyan ugly thing shocks you. You resist.
You die...

#
######+#############
#.#.#...#)....§.≈.#
##.#.#..#≈≈≈≈≈≈≈≈≈#
#§....#.#...§5§§§§#
##§#..§##...§u§§§§#
#§.@#.#§§..§§@5§§§#
################u##
#)..#...#..#..5@..#
#...#...#..#..PPP.#
##+###+##..#...)P.#
##%......'..'..PPP.#
.#.#####.####...(..#
.'.#)..+(#%.#......#
.#######.+..#.....(#
##.....#.####......#
#..#..#.#..#......#


You could see a cyan ugly thing and a friendly shadow imp.

Vanquished Creatures
  Rupert (D)
  A deep elf blademaster (D)
  Frances (D)
  Gastronok (D)
  Chuck (D)
  Maud (D)
  Wiglaf (D)
  3 deep elf demonologists (D)
  A deep elf annihilator (D)
  2 dire elephants (D)
  A deep elf death mage (D)
  A deep elf high priest (D)
  2 fire dragons (D)
  A yaktaur captain (D)
  A ghost crab (shapeshifter) (D)
  Erolcha (D)
  A centaur warrior (D)
  4 death yaks (D)
  4 dancing weapons (D)
  A deep elf knight (D)
  3 deep elf summoners (D)
  A lindwurm (D)
  3 ugly things (D)
  A faun (shapeshifter) (D)
  An orc sorcerer (D)
  2 elephants (D)
  2 black mambas (D)
  2 spiny frogs (D)
  A komodo dragon (D)
  A queen bee (D)
  4 spriggan defenders (D)
  3 wandering mushrooms (D)
  2 deep elf priests (D)
  A fire drake (D)
  8 blink frogs (D)
  3 orc high priests (D)
  A shadow (D)
  3 slime creatures (D)
  4 redbacks (D)
  2 trapdoor spiders (D)
  2 hill giants (D)
  A spatial vortex (D)
  An orc warrior (D)
  A swamp drake (D)
  A necrophage (D)
  2 brain worms (D)
  3 two-headed ogres (D)
  A water elemental (D)
  27 killer bees (D)
  3 orc priests (D)
  A jelly (D)
  Crazy Yiuf (D)
  A wizard (D)
  4 orc wizards (D)
  Jessica (D)
  A necromancer (D)
  A kobold demonologist (D)
  3 humans (D)
  2 oozes (D)
  9 orcs (D)
  A ball python (D)
  A rat (D)
  A bush (D)
  2 plants (D)
149 creatures vanquished.

Vanquished Creatures (collateral kills)
  3 killer bees (D)
3 creatures vanquished.

Vanquished Creatures (others)
  2 draconian scorchers (D)
  3 yaktaurs (D)
  2 fire drakes (D)
  2 killer bees (D)
  11 plants (D)
20 creatures vanquished.

Grand Total: 172 creatures vanquished

Notes
Turn   | Place    | Note
--------------------------------------------------------------
     0 | D        | Kidiri the Spriggan Enchanter began the quest for the Orb.
     0 | D        | Reached XP level 1. HP: 9/9 MP: 5/5
     4 | D        | Reached skill level 5 in Stealth
    18 | D        | Reached XP level 2. HP: 7/13 MP: 5/7
    22 | D        | Learned a level 2 spell: Ensorcelled Hibernation
   169 | D        | Noticed Jessica
   174 | D        | Killed Jessica
   174 | D        | Reached skill level 7 in Stealth
   174 | D        | Reached skill level 1 in Ice Magic
   174 | D        | Reached XP level 3. HP: 16/16 MP: 8/10
   179 | D        | Learned a level 3 spell: Confuse
   183 | D        | Learned a level 3 spell: Tukima's Dance
   205 | D        | Noticed Crazy Yiuf
   277 | D        | Killed a white draconian scorcher
   407 | D        | Killed a fire drake
   424 | D        | Reached skill level 5 in Spellcasting
   431 | D        | Killed Crazy Yiuf
   431 | D        | Reached skill level 8 in Stealth
   431 | D        | Reached skill level 5 in Hexes
   431 | D        | Reached XP level 4. HP: 21/21 MP: 5/12
   509 | D        | Killed a yaktaur
   546 | D        | Killed a white draconian scorcher
   589 | D        | Gained mutation: You are resistant to hostile enchantments. [potion of mutation]
   589 | D        | Gained mutation: You are partially covered in large bone plates (AC +2, SH +2). [potion of mutation]
   590 | D        | Lost mutation: You are resistant to hostile enchantments. [potion of mutation]
   590 | D        | Gained mutation: Armour fits poorly on your strangely shaped body. [potion of mutation]
   590 | D        | Gained mutation: You have sharp toenails. [potion of mutation]
   591 | D        | Gained mutation: You occasionally shout uncontrollably at your foes. [potion of mutation]
   591 | D        | Gained mutation: You have sharp fingernails. [potion of mutation]
   591 | D        | Gained mutation: You are agile. (Dex +2) [potion of mutation]
   600 | D        | Learned a level 3 spell: Dazzling Spray
   717 | D        | Noticed a water elemental
   738 | D        | Killed a water elemental
   738 | D        | Reached skill level 5 in Dodging
   738 | D        | Reached skill level 9 in Stealth
   738 | D        | Reached skill level 1 in Conjurations
   738 | D        | Reached XP level 5. HP: 24/24 MP: 6/15
   785 | D        | Killed a fire drake
   816 | D        | Noticed a jelly
   817 | D        | Noticed a shadow
   819 | D        | Killed a shadow
   819 | D        | Reached skill level 10 in Stealth
   819 | D        | Reached XP level 6. HP: 28/28 MP: 16/18
   823 | D        | Killed a jelly
   823 | D        | Reached skill level 5 in Short Blades
   823 | D        | Reached skill level 11 in Stealth
   828 | D        | Found a stormy altar of Qazlal.
   829 | D        | Noticed a spatial vortex
   829 | D        | Killed a spatial vortex
   830 | D        | Found a sacrificial altar of Ru.
   830 | D        | Found a burning altar of Makhleb.
   830 | D        | Found a viscous altar of Jiyva.
   830 | D        | Found a shimmering altar of Xom.
   830 | D        | Found a shadowy altar of Dithmenos.
   830 | D        | Found a sparkling altar of Nemelex Xobeh.
   830 | D        | Found a corrupted altar of Lugonu.
   830 | D        | Found an opulent altar of Gozag.
   834 | D        | Became a worshipper of Dithmenos the Shadowed
   859 | D        | Found a radiant altar of Vehumet.
   860 | D        | Found a deep blue altar of Sif Muna.
   860 | D        | Found an ancient bone altar of Kikubaaqudgha.
   860 | D        | Noticed a wizard
   861 | D        | Killed a wizard
   873 | D        | Learned a level 2 spell: Slow
   877 | D        | Learned a level 3 spell: Mephitic Cloud
   880 | D        | Learned a level 2 spell: Repel Missiles
   883 | D        | Learned a level 2 spell: Call Imp
   885 | D        | Learned a level 1 spell: Magic Dart
   895 | D        | Found a glowing silver altar of Zin.
   896 | D        | Found a glowing golden altar of the Shining One.
   896 | D        | Found a white marble altar of Elyvilon.
   896 | D        | Noticed a deep elf priest
   903 | D        | Killed a deep elf priest
   903 | D        | Reached skill level 12 in Stealth
   903 | D        | Reached skill level 1 in Summonings
   903 | D        | Reached skill level 1 in Air Magic
   903 | D        | Reached skill level 1 in Poison Magic
   903 | D        | Reached skill level 1 in Invocations
   903 | D        | Reached XP level 7. HP: 29/32 MP: 15/21
   934 | D        | Killed a yaktaur
   940 | D        | Found an iron altar of Okawaru.
   941 | D        | Found a bloodstained altar of Trog.
   941 | D        | Noticed a human
   941 | D        | Noticed a human
   943 | D        | Killed a human
   944 | D        | Killed a human
   944 | D        | Acquired Dithmenos's first power
   944 | D        | Reached skill level 10 in Spellcasting
   962 | D        | Found a basalt altar of Yredelemnul.
   962 | D        | Found a snail-covered altar of Cheibriados.
   962 | D        | Found a blossoming altar of Fedhas.
   962 | D        | Noticed a necrophage
   962 | D        | Noticed a necromancer
   964 | D        | Killed a necrophage
   964 | D        | Reached XP level 8. HP: 36/36 MP: 23/23
   965 | D        | Killed a necromancer
   965 | D        | Reached skill level 13 in Stealth
   983 | D        | Learned a level 2 spell: Blink
  1019 | D        | Noticed a two-headed ogre
  1019 | D        | Noticed a two-headed ogre
  1023 | D        | Killed a two-headed ogre
  1025 | D        | Killed a two-headed ogre
  1025 | D        | Acquired Dithmenos's second power
  1028 | D        | Noticed a two-headed ogre
  1029 | D        | Killed a two-headed ogre
  1035 | D        | Noticed a hill giant
  1038 | D        | Killed a hill giant
  1044 | D        | Noticed a hill giant
  1044 | D        | Noticed Erolcha
  1046 | D        | Killed a hill giant
  1053 | D        | Killed Erolcha
  1053 | D        | Reached skill level 14 in Stealth
  1053 | D        | Reached skill level 5 in Charms
  1053 | D        | Reached skill level 5 in Ice Magic
  1053 | D        | Reached XP level 9. HP: 39/39 MP: 16/25
  1060 | D        | Learned a level 5 spell: Silence
  1103 | D        | Noticed a redback
  1107 | D        | Killed a redback
  1107 | D        | Acquired Dithmenos's third power
  1179 | D        | Noticed a trapdoor spider
  1181 | D        | Noticed a trapdoor spider
  1211 | D        | Killed a trapdoor spider
  1225 | D        | Killed a trapdoor spider
  1302 | D        | Noticed a wandering mushroom
  1307 | D        | Noticed a wandering mushroom
  1308 | D        | Killed a wandering mushroom
  1309 | D        | Noticed a wandering mushroom
  1312 | D        | Killed a wandering mushroom
  1318 | D        | Killed a wandering mushroom
  1318 | D        | Reached skill level 10 in Dodging
  1318 | D        | Reached skill level 15 in Stealth
  1499 | D        | Noticed a spiny frog
  1499 | D        | Noticed a komodo dragon
  1499 | D        | Noticed a spiny frog
  1521 | D        | Killed a spiny frog
  1521 | D        | Reached skill level 1 in Translocations
  1532 | D        | Killed a komodo dragon
  1703 | D        | Killed a spiny frog
  1703 | D        | Acquired Dithmenos's fourth power
  1703 | D        | Reached XP level 10. HP: 44/44 MP: 21/27
  1758 | D        | Noticed a redback
  1760 | D        | Killed a redback
  1761 | D        | Noticed a brain worm
  1764 | D        | Killed a brain worm
  1769 | D        | Noticed a brain worm
  1771 | D        | Killed a brain worm
  1771 | D        | Reached skill level 5 in Poison Magic
  1778 | D        | Noticed a lindwurm
  1956 | D        | Noticed a redback
  1957 | D        | Killed a lindwurm
  1959 | D        | Killed a redback
  2180 | D        | Noticed a redback
  2181 | D        | Killed a redback
  2181 | D        | Reached skill level 5 in Conjurations
  2182 | D        | Noticed Maud
  2184 | D        | Killed Maud
  2184 | D        | Reached skill level 16 in Stealth
  2184 | D        | Reached skill level 5 in Air Magic
  2226 | D        | Learned a level 5 spell: Phase Shift
  2253 | D        | Noticed a killer bee
  2253 | D        | Noticed a killer bee
  2253 | D        | Noticed a killer bee
  2253 | D        | Noticed a killer bee
  2253 | D        | Noticed a killer bee
  2253 | D        | Noticed a killer bee
  2253 | D        | Noticed a killer bee
  2253 | D        | Noticed a killer bee
  2253 | D        | Noticed a killer bee
  2253 | D        | Noticed a killer bee
  2253 | D        | Noticed a killer bee
  2253 | D        | Noticed a killer bee
  2253 | D        | Noticed a killer bee
  2253 | D        | Noticed a killer bee
  2253 | D        | Noticed a killer bee
  2255 | D        | Noticed a killer bee
  2255 | D        | Noticed a killer bee
  2255 | D        | Noticed a killer bee
  2255 | D        | Noticed a killer bee
  2255 | D        | Noticed a killer bee
  2256 | D        | Killed a killer bee
  2257 | D        | Noticed a killer bee
  2257 | D        | Noticed a killer bee
  2258 | D        | Noticed a killer bee
  2258 | D        | Killed a killer bee
  2258 | D        | Killed a killer bee
  2259 | D        | Noticed a killer bee
  2261 | D        | Noticed a queen bee
  2262 | D        | Noticed a killer bee
  2264 | D        | Noticed a killer bee
  2266 | D        | Noticed a killer bee
  2267 | D        | Killed a killer bee
  2269 | D        | Noticed a killer bee
  2269 | D        | Noticed a killer bee
  2270 | D        | Noticed a killer bee
  2270 | D        | Noticed a killer bee
  2272 | D        | Noticed a killer bee
  2274 | D        | Killed a killer bee
  2281 | D        | Killed a killer bee
  2284 | D        | Killed a killer bee
  2286 | D        | Killed a killer bee
  2289 | D        | Killed a killer bee
  2291 | D        | Killed a queen bee
  2531 | D        | Killed a killer bee
  2531 | D        | Reached skill level 5 in Translocations
  2535 | D        | Killed a killer bee
  2543 | D        | Killed a killer bee
  2548 | D        | Killed a killer bee
  2554 | D        | Killed a killer bee
  2554 | D        | Reached skill level 10 in Hexes
  2557 | D        | Killed a killer bee
  2558 | D        | Killed a killer bee
  2560 | D        | Killed a killer bee
  2562 | D        | Killed a killer bee
  2567 | D        | Killed a killer bee
  2580 | D        | Killed a killer bee
  2582 | D        | Killed a killer bee
  2582 | D        | Killed a killer bee
  2582 | D        | Killed a killer bee
  2582 | D        | Killed a killer bee
  2584 | D        | Killed a killer bee
  2584 | D        | Reached skill level 5 in Summonings
  2586 | D        | Killed a killer bee
  2586 | D        | Killed a killer bee
  2594 | D        | Killed a killer bee
  2604 | D        | Killed a killer bee
  2803 | D        | Killed a killer bee
  2809 | D        | Killed a killer bee
  2809 | D        | Reached XP level 11. HP: 47/47 MP: 19/29
  2811 | D        | Killed a killer bee
  2927 | D        | Noticed an orc wizard
  2928 | D        | Noticed an orc sorcerer
  2928 | D        | Noticed an orc priest
  2929 | D        | Noticed an orc wizard
  2929 | D        | Noticed an orc warrior
  2929 | D        | Noticed an orc priest
  2929 | D        | Noticed an orc wizard
  2929 | D        | Noticed an orc wizard
  2929 | D        | Found Feiq's Weapon Shoppe.
  2937 | D        | Killed an orc priest
  2940 | D        | Killed an orc sorcerer
  2943 | D        | Killed an orc priest
  2951 | D        | Killed an orc wizard
  2952 | D        | Killed an orc wizard
  2954 | D        | Killed an orc wizard
  2969 | D        | Killed an orc warrior
  2969 | D        | Reached skill level 17 in Stealth
  2984 | D        | Killed an orc wizard
  3141 | D        | Noticed a deep elf summoner
  3141 | D        | Noticed a deep elf summoner
  3141 | D        | Noticed a deep elf priest
  3141 | D        | Noticed a deep elf summoner
  3141 | D        | Noticed a deep elf knight
  3149 | D        | Killed a deep elf priest
  3160 | D        | Killed a deep elf summoner
  3181 | D        | Killed a deep elf knight
  3333 | D        | Killed a deep elf summoner
  3346 | D        | Killed a deep elf summoner
  3357 | D        | Noticed a deep elf high priest
  3357 | D        | Noticed a deep elf annihilator
  3357 | D        | Noticed a deep elf demonologist
  3361 | D        | Noticed a deep elf death mage
  3384 | D        | Noticed a deep elf demonologist
  3388 | D        | Killed a deep elf high priest
  3388 | D        | Killed a deep elf demonologist
  3474 | D        | Noticed a deep elf blademaster
  3477 | D        | Killed a deep elf blademaster
  3477 | D        | Reached skill level 18 in Stealth
  3477 | D        | Reached skill level 10 in Charms
  3481 | D        | Killed a deep elf demonologist
  3513 | D        | Noticed a deep elf demonologist
  3517 | D        | Noticed a hell beast
  3517 | D        | Killed a hell beast
  3552 | D        | Killed a deep elf annihilator
  3552 | D        | Reached XP level 12. HP: 51/51 MP: 27/31
  3555 | D        | Killed a deep elf demonologist
  3669 | D        | Killed a deep elf death mage
  3680 | D        | Got a faintly glowing platinum amulet
  3681 | D        | Identified the amulet "Qihy" {rCorr -Tele rN++ Int+3} (You found it in the Dungeon)
  3689 | D        | Identified the Disquisition on Lightness
  3691 | D        | Identified the Catalogue of the Excruciating Birds
  3700 | D        | Got a clouded emerald amulet
  3701 | D        | Got a warped hand axe
  3703 | D        | Identified the amulet "Ibbetzy" {rMut +Inv rElec Str-2 Int+4} (You took it off a deep elf demonologist in the Dungeon)
  3884 | D        | Noticed a swamp drake
  3884 | D        | Noticed a fire drake
  3885 | D        | Killed a fire drake
  3885 | D        | Reached skill level 19 in Stealth
  3887 | D        | Killed a swamp drake
  3939 | D        | Identified a +1 rod of the swarm (12/12) (You found it in the Dungeon)
  3949 | D        | Learned a level 6 spell: Mass Confusion
  4009 | D        | Noticed a blink frog
  4010 | D        | Noticed a blink frog
  4011 | D        | Noticed a blink frog
  4011 | D        | Noticed a blink frog
  4012 | D        | Noticed a blink frog
  4013 | D        | Killed a blink frog
  4013 | D        | Reached skill level 15 in Spellcasting
  4017 | D        | Killed a blink frog
  4017 | D        | Reached skill level 10 in Short Blades
  4020 | D        | Killed a blink frog
  4023 | D        | Killed a blink frog
  4043 | D        | Killed a blink frog
  4043 | D        | Reached skill level 1 in Evocations
  4109 | D        | Killed a yaktaur
  4141 | D        | Noticed Rupert
  4143 | D        | Killed Rupert
  4162 | D        | Noticed a death yak
  4163 | D        | Noticed a death yak
  4163 | D        | Noticed a blink frog
  4163 | D        | Noticed an azure jelly
  4163 | D        | Noticed a death yak
  4163 | D        | Noticed an azure jelly
  4163 | D        | Noticed a blink frog
  4163 | D        | Noticed a death yak
  4170 | D        | Killed a death yak
  4198 | D        | Killed a blink frog
  4332 | D        | Noticed a black mamba
  4334 | D        | Killed a black mamba
  4339 | D        | Noticed a black mamba
  4342 | D        | Noticed a blink frog
  4352 | D        | Killed a death yak
  4488 | D        | Killed a death yak
  4516 | D        | Killed a death yak
  4670 | D        | Killed a blink frog
  4677 | D        | Killed a black mamba
  4686 | D        | Killed a blink frog
  4686 | D        | Reached skill level 10 in Translocations
  4749 | D        | Noticed a fire dragon
  4750 | D        | Found Dixzeagh's Book Shoppe.
  4750 | D        | Found Gidexoh's Antique Armour Boutique.
  4754 | D        | Killed a fire dragon
  4754 | D        | Reached skill level 20 in Stealth
  4756 | D        | Found Bigrofonos's Food Emporium.
  4825 | D        | Noticed an azure jelly
  4825 | D        | Noticed an azure jelly
  4828 | D        | Noticed Gastronok
  4829 | D        | Noticed an elephant
  4829 | D        | Noticed an elephant
  4829 | D        | Noticed a dire elephant
  4829 | D        | Noticed a dire elephant
  4830 | D        | Killed Gastronok
  4831 | D        | Killed a dire elephant
  4831 | D        | Reached skill level 5 in Evocations
  4831 | D        | Reached XP level 13. HP: 55/55 MP: 32/34
  4833 | D        | Killed a dire elephant
  4874 | D        | Killed an elephant
  4875 | D        | Killed an elephant
  5104 | D        | Noticed Wiglaf
  5104 | D        | Noticed Frances
  5106 | D        | Killed Wiglaf
  5107 | D        | Killed Frances
  5116 | D        | Noticed an orc high priest
  5116 | D        | Noticed an orc priest
  5117 | D        | Noticed an orc high priest
  5117 | D        | Noticed an orc high priest
  5118 | D        | Killed an orc priest
  5119 | D        | Killed an orc high priest
  5121 | D        | Killed an orc high priest
  5123 | D        | Killed an orc high priest
  5352 | D        | Noticed a spriggan defender
  5353 | D        | Noticed a spriggan defender
  5353 | D        | Noticed a spriggan defender
  5353 | D        | Noticed a spriggan defender
  5354 | D        | Killed a spriggan defender
  5355 | D        | Killed a spriggan defender
  5357 | D        | Killed a spriggan defender
  5358 | D        | Killed a spriggan defender
  5540 | D        | Noticed a purple ugly thing
  5543 | D        | Killed a purple ugly thing
  5543 | D        | Reached skill level 21 in Stealth
  5596 | D        | Noticed a centaur warrior
  5609 | D        | Killed a centaur warrior
  5617 | D        | Learned a level 5 spell: Shadow Creatures
  5683 | D        | Noticed a fire dragon
  5683 | D        | Noticed a slime creature
  5685 | D        | Killed a fire dragon
  5687 | D        | Killed a slime creature
  5698 | D        | Noticed a faun
  5698 | D        | Noticed a slime creature
  5702 | D        | Killed a faun
  5704 | D        | Killed a slime creature
  5711 | D        | Noticed a mace of pain
  5711 | D        | Noticed a halberd of flaming
  5711 | D        | Noticed a short sword of venom
  5712 | D        | Noticed a dire flail of protection
  5713 | D        | Killed a halberd of flaming
  5715 | D        | Killed a mace of pain
  5717 | D        | Killed a dire flail of protection
  5720 | D        | Killed a short sword of venom
  5835 | D        | Noticed a yaktaur captain
  5835 | D        | Noticed a ghost crab
  5836 | D        | Noticed a cyan ugly thing
  5836 | D        | Noticed a slime creature
  5836 | D        | Noticed a brown ugly thing
  5837 | D        | Killed a ghost crab
  5839 | D        | Killed a cyan ugly thing
  5841 | D        | Killed a slime creature
  5842 | D        | Killed a brown ugly thing
  5881 | D        | Killed a yaktaur captain
  6049 | D        | Noticed Chuck
  6226 | D        | Killed Chuck
  6226 | D        | Reached skill level 15 in Dodging
  6408 | D        | Noticed a cyan ugly thing
  6408 | D        | Noticed Norris
  6463 | D        | Slain by a cyan ugly thing

Vault maps used:
D:        dungeon_sprint_mu

Action                   |  1- 3 |  4- 6 |  7- 9 | 10-12 | 13-15 || total
-------------------------+-------+-------+-------+-------+-------++-------
Melee: Dagger            |    27 |    14 |    32 |   127 |   246 ||   446
       Quick blade       |       |       |       |       |    77 ||    77
Throw: Throwing net      |       |       |     4 |       |       ||     4
 Cast: Corona            |     1 |       |       |       |       ||     1
       Ensorcelled Hiber |     3 |     1 |     9 |    62 |     5 ||    80
       Confuse           |     1 |       |     4 |     3 |     2 ||    10
       Dazzling Spray    |       |     2 |     2 |    38 |    27 ||    69
       Mephitic Cloud    |       |       |       |    15 |     4 ||    19
       Magic Dart        |       |       |       |     2 |       ||     2
       Blink             |       |       |       |    10 |     9 ||    19
       Mass Confusion    |       |       |       |     7 |     3 ||    10
       Phase Shift       |       |       |       |     2 |     2 ||     4
       Call Imp          |       |       |       |       |     5 ||     5
       Repel Missiles    |       |       |       |       |     1 ||     1
       Shadow Creatures  |       |       |       |       |     1 ||     1
Invok: Shadow Step       |       |       |     1 |     4 |     6 ||    11
 Abil: Evoke Invisibilit |       |       |       |     1 |     8 ||     9
Evoke: Wand              |       |       |       |       |     1 ||     1
  Use: Potion            |       |     5 |     1 |     2 |     1 ||     9
       Scroll            |       |     3 |       |       |     1 ||     4
 Stab: Sleeping          |     5 |     5 |    13 |    42 |    25 ||    90
       Invisible         |       |     1 |     2 |     2 |     3 ||     8
       Held in net/web   |       |       |     3 |       |       ||     3
       Confused          |       |       |       |    10 |     1 ||    11
  Eat: Royal jelly       |       |       |       |     7 |       ||     7
